Map: Frost LE

Players

ByuN - Winner!

  • Race: Terran Terran

Dark

  • Race: Zerg Zerg

Event: 2016 WCS Global Finals

VOD

https://youtu.be/eb7JRVlOZ9s

Description

Time

  • Played on: Nov. 5, 2016, 7:03 p.m.
  • Length: 12:20

All games in this series

Show
View Real Time Build Order
Export as new Build Order

ByuN Terran - Winner!

Build Orders: MMM Bio 

Get SALT Encoding   

  12  0:00  SCV  
  13  0:12  SCV  
  14  0:18  Supply Depot  
  14  0:24  SCV  
  15  0:40  SCV  
  15  0:41  Barracks  
  16  0:43  Refinery  
  16  0:52  SCV  
  17  0:58  Barracks  
  17  1:04  SCV  
  18  1:16  SCV  
  19  1:28  Reaper, Orbital Command  
  20  1:43  Barracks  
  20  1:45  Reaper  
  20  1:46  Refinery  
  21  1:53  Supply Depot  
  21  1:57  SCV  
  22  2:02  Reaper  
  23  2:14  SCV  
  24  2:17  Reaper  
  25  2:24  Supply Depot  
  25  2:26  SCV  
  26  2:34  Reaper  
  27  2:37  Reaper  
  27  2:38  SCV  
  29  2:49  Reaper  
  30  3:00  Command Center  
  30  3:01  SCV  
  31  3:06  Reaper  
  31  3:09  Reaper  
  33  3:13  SCV  
  33  3:19  Supply Depot  
  34  3:22  Reaper  
  34  3:25  SCV  
  36  3:37  SCV  
  37  3:47  Barracks Tech Lab  
  37  3:49  SCV  
  37  3:52  Barracks Tech Lab  
  37  3:53  Barracks Reactor  
  38  3:56  Barracks Reactor  
  38  3:58  Factory  
  38  4:01  SCV  
  39  4:04  Supply Depot  
  39  4:13  SCV  
  39  4:14  Marine  
  39  4:16  Orbital Command  
  41  4:19  Stimpack  
  41  4:21  Factory  
  41  4:26  SCV  
  42  4:31  Marine  
  42  4:33  Marine  
  42  4:35  Marine x3  
  45  4:41  SCV  
  45  4:42  SCV  
  45  4:44  Engineering Bay  
  47  4:52  Marine  
  48  4:53  Marine x2  
  48  4:54  Marine x2  
  48  4:57  SCV x2  
  54  5:07  Starport, Factory Reactor  
  54  5:09  SCV x2  
  54  5:10  Marine  
  54  5:11  Marine x2  
  54  5:12  Marine x2  
  54  5:13  Refinery  
  61  5:16  Terran Infantry Weapons Level 1  
  61  5:23  SCV  
  61  5:24  SCV  
  61  5:25  Supply Depot  
  61  5:28  Marine  
  64  5:29  Marine x2  
  64  5:30  Marine x2  
  68  5:36  SCV x2  
  68  5:41  Supply Depot  
  70  5:48  SCV  
  70  5:49  SCV  
  72  5:50  Factory Reactor, Medivac x2  
  76  6:00  SCV  
  76  6:01  SCV  
  78  6:04  Supply Depot  
  78  6:05  Marine x4  
  78  6:08  Marine  
  83  6:12  SCV  
  84  6:20  Medivac  
  84  6:24  Supply Depot  
  84  6:25  Combat Shields  
  86  6:26  Medivac  
  86  6:27  Marine x2  
  86  6:29  Marine  
  91  6:33  Marine, Command Center  
  91  6:34  Marine  
  92  6:41  SCV, Armory  
  92  6:42  Engineering Bay, SCV  
  93  6:57  Marine x3  
  93  6:58  Marine  
  93  6:59  Marauder  
  92  7:07  SCV x2  
  92  7:09  Hellion  
  92  7:11  Hellion  
  96  7:16  Barracks  
  96  7:17  Barracks  
  96  7:21  Marine x4  
  96  7:22  Marauder  
  102  7:26  SCV  
  102  7:28  SCV  
  103  7:30  Refinery, Supply Depot  
  103  7:35  Hellion x2  
  105  7:44  SCV  
  105  7:45  Orbital Command, SCV  
  105  7:48  Terran Infantry Weapons Level 2  
  107  7:51  Terran Infantry Armor Level 1  
  107  7:56  Marine x2  
  107  7:57  Marauder, Marine  
  112  8:05  SCV x2  
  118  8:07  Barracks Reactor  
  114  8:13  SCV  
  114  8:15  Factory Reactor  
  114  8:16  Marine x4  
  114  8:17  SCV x2, Marine x2  
  123  8:23  Marauder  
  123  8:25  SCV  
  126  8:29  SCV, Supply Depot  
  126  8:31  Supply Depot  
  127  8:38  Marine  
  127  8:39  Marine x4  
  132  8:44  Liberator x2  
  132  8:45  SCV  
  132  8:48  Supply Depot  
  133  8:49  Supply Depot  
  133  8:51  Marauder  
  133  8:53  Supply Depot  
  133  8:54  Widow Mine x2  
  145  9:07  Marine x4  
  145  9:09  Marine x3  
  151  9:12  Marauder  
  154  9:19  Refinery  
  154  9:22  Widow Mine  
  154  9:23  Barracks, Widow Mine  
  156  9:24  Barracks  
  156  9:26  Barracks  
  156  9:30  Marine x7  
  156  9:31  Marine  
  162  9:33  Marauder  
  162  9:36  Liberator  
  157  9:47  Marine  
  157  9:48  Marine x6  
  157  9:51  Widow Mine x2  
  167  9:55  Marauder  
  172  10:03  Terran Infantry Armor Level 2  
  172  10:07  Marine  
  173  10:18  Barracks Reactor, Supply Depot x2, Barracks Tech Lab  
  173  10:20  Barracks Reactor  
  173  10:23  Marine x3  
  173  10:24  Widow Mine x2  
  173  10:25  Marine x2  
  173  10:30  Marine x2  
  173  10:31  Marine  
  173  10:35  Marauder  
  173  10:41  Marine x4  
  167  10:43  Marine x2  
  167  10:48  Marine x2  
  167  10:49  Marine  
  170  10:53  Widow Mine x2  
  170  10:56  Marauder  
  154  10:57  Marine x2  
  154  10:58  Marine x2  
  154  10:59  Marine x4  
  154  11:00  Marine x2  
  161  11:06  Marine x2  
  161  11:09  Marine  
  158  11:14  Medivac  
  158  11:15  Marine x3  
  158  11:16  Marine  
  158  11:17  Marauder, Marine  
  158  11:18  Marauder, Marine  
  160  11:19  Marine x2  
  160  11:21  Marine  
  160  11:22  Widow Mine, Medivac  
  163  11:27  Marine  
  162  11:40  Marine  
  162  11:41  Marine x6  
  162  11:44  Marauder x2, Medivac  
  166  11:51  Widow Mine x2  
  170  11:58  Marine x3  
Show
View Real Time Build Order
Export as new Build Order

Dark Zerg 

Build Orders: Hatch First 

Get SALT Encoding   

  12  0:00  Drone  
  13  0:14  Overlord  
  13  0:17  Drone  
  14  0:32  Drone x2  
  16  0:38  Drone  
  17  0:52  Hatchery  
  17  0:56  Drone  
  17  0:58  Drone  
  18  1:07  Extractor  
  17  1:14  Spawning Pool  
  17  1:17  Drone  
  17  1:21  Drone  
  18  1:30  Drone  
  19  1:41  Overlord  
  19  2:01  Zergling x2, Queen  
  19  2:02  Zergling x2  
  19  2:04  Drone, Queen  
  19  2:08  Metabolic Boost  
  26  2:15  Drone  
  26  2:16  Drone  
  28  2:23  Drone  
  28  2:29  Zergling x2  
  29  2:38  Drone x2  
  29  2:41  Spore Crawler  
  30  2:44  Queen  
  30  2:49  Zergling x4  
  34  2:55  Zergling x2  
  34  3:06  Queen  
  34  3:13  Zergling x2  
  34  3:16  Overlord x2  
  35  3:22  Overlord  
  35  3:34  Queen  
  35  3:36  Zergling x8  
  41  3:44  Zergling x4  
  42  3:51  Zergling x4  
  42  3:54  Zergling x6  
  47  3:56  Queen  
  47  3:59  Drone  
  50  4:06  Drone  
  51  4:10  Queen  
  51  4:20  Zergling x6  
  51  4:34  Drone  
  51  4:35  Drone x3  
  51  4:36  Queen  
  55  4:38  Drone  
  55  4:42  Drone  
  57  4:47  Queen  
  57  4:50  Drone  
  59  4:55  Overlord  
  59  4:57  Evolution Chamber  
  59  4:58  Drone, Evolution Chamber  
  58  5:01  Drone  
  59  5:08  Overlord  
  59  5:10  Overlord  
  59  5:22  Drone  
  59  5:24  Zerg Ground Armor Level 1, Zerg Melee Weapons Level 1  
  59  5:28  Drone x2  
  61  5:30  Drone x2  
  63  5:36  Drone, Hatchery  
  63  5:44  Baneling Nest  
  63  5:46  Drone  
  63  5:47  Drone x2  
  63  5:48  Extractor  
  64  5:52  Zergling x4  
  64  5:55  Zergling x6  
  69  6:03  Overlord  
  69  6:08  Drone x3  
  69  6:09  Zergling x2  
  73  6:11  Drone  
  74  6:20  Hatchery  
  74  6:23  Drone x2  
  72  6:33  Zergling x6  
  72  6:34  Zergling x2  
  72  6:37  Baneling  
  72  6:38  Baneling  
  72  6:39  Baneling x3  
  76  6:41  Zergling x4  
  76  6:45  Zergling x2  
  76  6:46  Zergling x4  
  80  6:59  Zergling x10  
  74  7:05  Zergling x2  
  74  7:06  Queen x2  
  74  7:08  Lair  
  79  7:09  Drone x3  
  79  7:10  Drone  
  79  7:12  Baneling x4  
  79  7:13  Zergling x4  
  79  7:15  Drone  
  86  7:16  Drone  
  86  7:20  Baneling  
  86  7:21  Drone x2, Baneling  
  89  7:36  Zergling x8  
  90  7:44  Zergling x4  
  90  7:49  Queen  
  90  7:51  Extractor, Zergling x2  
  94  7:52  Baneling x3  
  94  7:53  Zergling x4  
  94  7:56  Overlord x2  
  96  8:01  Baneling  
  96  8:02  Extractor  
  96  8:05  Centrifical Hooks  
  95  8:06  Zergling x2  
  95  8:07  Baneling x2  
  96  8:12  Hatchery  
  96  8:14  Drone  
  96  8:15  Drone  
  96  8:16  Drone x2  
  96  8:18  Zergling x8  
  96  8:19  Zergling x6  
  106  8:21  Zergling x6  
  106  8:25  Baneling x4  
  106  8:26  Baneling x2  
  108  8:28  Queen  
  108  8:30  Drone  
  108  8:32  Overlord x2  
  111  8:39  Baneling x6  
  108  8:48  Zergling x8  
  112  8:51  Zergling x8  
  112  8:53  Zergling x4  
  118  8:56  Zerg Melee Weapons Level 2  
  118  9:01  Zergling x8  
  121  9:03  Zergling x2  
  121  9:05  Drone x2  
  121  9:06  Zergling x2  
  121  9:07  Zergling x4  
  127  9:11  Overlord  
  127  9:19  Zerg Ground Armor Level 2  
  127  9:23  Drone, Infestation Pit  
  127  9:29  Drone x5  
  127  9:30  Drone  
  132  9:33  Zergling x4  
  132  9:35  Zergling x6  
  132  9:36  Baneling  
  133  9:38  Drone  
  133  9:42  Drone  
  133  9:43  Drone x2  
  133  9:44  Zergling x8  
  133  9:45  Zergling x4  
  138  9:49  Baneling x5  
  138  9:51  Zergling x4  
  139  9:56  Zergling x6  
  141  10:02  Zergling x2  
  141  10:04  Baneling  
  141  10:06  Overlord x4  
  142  10:10  Hive  
  142  10:19  Baneling x10  
  142  10:20  Baneling x4  
  138  10:22  Zergling x4  
  127  10:31  Zergling x2  
  127  10:32  Zergling x22  
  127  10:35  Zergling x6  
  134  10:39  Zergling x6  
  134  10:40  Zergling x2  
  128  10:45  Zergling x12  
  128  10:47  Baneling  
  128  10:48  Baneling  
  128  10:51  Zergling x6  
  118  10:57  Zergling x4  
  118  11:01  Zergling x4  
  118  11:03  Baneling x2  
  118  11:04  Zergling x2  
  108  11:07  Overseer  
  100  11:13  Zergling x6  
  100  11:18  Drone x2  
  95  11:21  Overseer  
  93  11:26  Zergling x2  
  93  11:27  Zergling x4  
  91  11:33  Zergling x6  
  91  11:34  Zergling x2  
  91  11:37  Zergling x2  
  91  11:39  Zergling x4  
  94  11:43  Zergling x2  
  94  11:57  Zergling x6  
  94  11:58  Zergling x2  
  94  11:59  Baneling x4  
  94  12:00  Baneling x2, Zergling x6  
  94  12:01  Zergling x2  
Tags
 
Add a new tag
Caveats
  • Supply blocks, unpowered buildings, or Contaminate may cause inaccurate times.
  • Supply counts are checked every 10 seconds.